 Dungeon Crawl Stone Soup version 0.28-a0-751-gef3a642a4e (webtiles) character file.

Game seed: 7644484635082561085

85 lawman0 the Magician (level 4, -1/32 HPs)
             Began as a Djinni Summoner on Oct 31, 2021.
             Hit by a silver javelin thrown by an orc (8 damage)
             ... on level 3 of the Dungeon.
             The game lasted 00:04:37 (2067 turns).

lawman0 the Magician (Djinni Summoner)              Turns: 2067, Time: 00:04:37

Health: -1/32      AC:  3    Str:  7    XL:     4   Next: 75%
Gold:   19         EV: 12    Int: 17    God:
                   SH:  0    Dex: 14

rFire   + + .      SeeInvis .   b - +0 trident
rCold   x . .      Faith    .   (no shield)
rNeg    . . .      Spirit   .   a - +0 robe
rPois   ∞          Reflect  .   (no helmet)
rElec   .          Harm     .   (no cloak)
rCorr   .          Rampage  .   c - +0 pair of gloves
Will    .....                   (boots unavailable)
Stlth   ++........              (no amulet)
HPRegen 0.10/turn               (no ring)
MPRegen 0.00/turn               (no ring)

@: flying
A: sickness immunity, fire resistance 2, cold vulnerability 1, float, innate
caster, hp casting, extra vitality 1
a: no special abilities


You were on level 3 of the Dungeon.
You visited 1 branch of the dungeon, and saw 3 of its levels.

You collected 48 gold pieces.
You spent 29 gold pieces at shops.

Inventory:

Hand Weapons
 b - a +0 trident (weapon)
 g - a +2 dagger of flaming
 i - a +3 dagger of holy wrath
Missiles
 e - 16 poisoned darts (quivered)
Armour
 a - a +0 robe (worn)
 c - a +0 pair of gloves (worn)
Scrolls
 h - a scroll of amnesia {unknown}
 j - a scroll of acquirement {unknown}
 k - a scroll of enchant weapon {unknown}
Potions
 d - 2 potions of degeneration {unknown}
 f - a potion of mutation {unknown}


   Skills:
 * Level 1.0 Fighting
 + Level 2.8 Dodging
 + Level 2.0 Stealth
 + Level 4.1 Spellcasting


You couldn't memorise any spells.
You knew the following spells:

 Your Spells              Type           Power      Damage    Failure   Level
a - Summon Small Mammal   Summ           68%        N/A       2%          1
b - Call Imp              Summ           17%        N/A       4%          2
c - Call Canine Familiar  Summ           17%        N/A       9%          3
d - Summon Guardian Gole  Hex/Summ       17%        N/A       9%          3
e - Summon Lightning Spi  Summ/Air       17%        N/A       28%         4
f - Foxfire               Conj/Fire      68%        2x1d7     2%          1
Your spell library was empty.

Dungeon Overview and Level Annotations

Branches:
Dungeon (3/15)

Altars:
Hepliaklqana

Shops:
D:2 *


Innate Abilities, Weirdness & Mutations

You are immune to sickness and miasma.
You are immune to poison.
Your flesh is very heat resistant. (rF++)
You are vulnerable to cold. (rC-)
You float through the air rather than walking.
You learn spells naturally, not from books.
Your magical power is your life essence.
You have superior vitality. (+4 HP)


Message History

Your shadow imp barely misses the bat.
You barely miss the bat. The bat hits you but does no damage.
Your shadow imp barely misses the bat.
The bat barely misses you. The bat closely misses you.
You barely miss the bat. The bat completely misses you.
The bat barely misses you.
Your shadow imp closely misses the bat.
Unknown command.
You closely miss the bat. The bat hits you. The bat barely misses you.
Your shadow imp hits the bat.
The bat dies!
Your Fighting skill increases to level 1!
A silver javelin appears from out of your range of vision.
The silver javelin closely misses your shadow imp.
You see here a bat corpse.
No target in view!
You swap places.
Things that are here:
a pink potion; an adder corpse The orc throws a silver javelin.
The silver javelin closely misses you. The orc hits you with a +0 flail.
You hit the orc but do no damage. The orc hits you with a +0 flail.
You are too injured to fight recklessly!
The orc barely misses you.
Your shadow imp barely misses the orc.
You are too injured to fight recklessly!
You are too injured to fight recklessly!
You hit the orc but do no damage.
Your shadow imp disappears in a puff of smoke!
The orc hits you with a +0 flail!
* * * LOW HITPOINT WARNING * * *
Unknown command.
Unknown command.
You aren't carrying any items that you can evoke.
Throw: 17 darts (poison)
Press: ? - help, Q - select action, (/) - cycle Shift-Dir - straight line, f - orc
Aim: an orc, wielding a +0 flail, wearing a +0 ring mail and quivering silver javelins (purple smoke, 61% to hit)
You throw a poisoned dart. The poisoned dart hits the orc.
The orc is poisoned.
The orc hits you but does no damage.
Unknown command.
The orc throws a silver javelin.
The silver javelin pierces through you!
You die...

....g..<........§......#
...S5.....#....≈§≈≈≈≈≈.#
..........#...≈≈≈≈≈≈...#
...........#..≈≈_....8.#
.........#.##.≈≈≈≈§≈...#
...#.....#.##.(≈≈≈≈§§≈.####
.###.....#.....o..§.§§...>####
#.....######...§§§.........
#..@.....!†........
......#####..###.......
......######.# ###.#.. ####
.......†## .. #######..######
. #.......# ###<.)#.....
###........ ##..#....


You could see an orc (poisoned).

Vanquished Creatures
  An adder (D:2)
  An adder skeleton (D:2)
  A dart slug (D:1)
  3 ball pythons
  An endoplasm (D:2)
  A giant cockroach (D:2)
  3 goblins
  A hobgoblin (D:1)
  3 jackals (D:2)
  3 frilled lizards
18 creatures vanquished.

Vanquished Creatures (collateral kills)
  2 adders
  2 worms (D:2)
  An orc (D:2)
  2 ball pythons
  3 bats
  An endoplasm (D:1)
  2 goblins
  A hobgoblin (D:2)
  A jackal (D:2)
  A frilled lizard (D:1)
  8 kobolds
  2 rats (D:1)
26 creatures vanquished.

Grand Total: 44 creatures vanquished

Notes
Turn   | Place    | Note
-------+----------+-------------------------------------------
     0 | D:1      | lawman0 the Djinni Summoner began the quest for the Orb.
     0 | D:1      | Reached XP level 1. HP: 15/15 MP: 0/0
    19 | D:1      | Noticed an electric eel
    43 | D:1      | Found a faded altar of an unknown god.
   282 | D:1      | Reached XP level 2. HP: 21/21 MP: 0/0
   720 | D:1      | You are sucked into a shaft and drop 1 floor!
   732 | D:2      | Reached XP level 3. HP: 22/26 MP: 0/0
   732 | D:2      | Learned a level 1 spell: Foxfire
   971 | D:2      | Found Tievepuu's Assorted Antiques.
  1165 | D:2      | Reached XP level 4. HP: 18/31 MP: 0/0
  1354 | D:2      | Reached skill level 4 in Spellcasting
  1839 | D:2      | Bought a scroll labelled ATUAPR YCLU for 29 gold pieces
  2032 | D:3      | Found a hazy altar of Hepliaklqana.
  2055 | D:3      | Reached skill level 1 in Fighting
  2067 | D:3      | Hit by a silver javelin thrown by an orc

Illustrated notes

Levels and vault maps discovered:
D:1:      arrival_aquarium_a, layout_basic, ebering_ecumenical_altar_webs
D:2:      layout_rooms, serial_shops,
          nicolae_shop_temple_entry_statues_fountains, dk_noncrumbling_2
D:3:      minmay_spotlight, layout_rooms, mainiacjoe_overflow_catwalk,
          elyvilon_altar_1, gammafunk_ghost_stat_death, serial_shops, shop,
          uniq_terence, uniq_robin

Skill      XL: |  1  2  3  4 |
---------------+-------------+-----
Spellcasting   | 4 |  4.1
Stealth        | 2 |  2.0
Fighting       | 1 |  1.0
Dodging        | |  2.8

Action                   |  1- 3 |  4- 6 || total
-------------------------+-------+-------++-------
Melee: Trident           |    37 |    37 ||    74
Throw: Dart              |       |     1 ||     1
 Cast: Summon Small Mamm |    10 |     2 ||    12
       Call Imp          |    15 |     8 ||    23
  Use: Scroll            |     1 |       ||     1
Armor: Robe              |     7 |    17 ||    24
Dodge: Dodged            |    36 |    36 ||    72

Table legend: (Time is in decaauts)
 A = Elapsed time spent in this place.
 B = Non-inter-level travel time spent in this place.
 C = Inter-level travel time spent in this place.
 D = Time resting spent in this place.
 E = Time spent auto-exploring this place.
 F = Levels seen in this place.
 G = Mean time per level.
                   A        B        C        D        E       F      G
               +--------+--------+--------+--------+--------+-----+--------+
         Total |   2089 |   1994 |     95 |    305 |   1204 |   3 |  696.3 |
       Dungeon |   2089 |   1994 |     95 |    305 |   1204 |   3 |  696.3 |
               +--------+--------+--------+--------+--------+-----+--------+

Top non-repeatable levels by time:
     D:2: 1195 daAuts
     D:1: 725 daAuts
     D:3: 167 daAuts
